 Dungeon Crawl Stone Soup version 0.18.1-48-g4cf74bf (webtiles) character file.

167 terrence the Skirmisher (level 5, -1/48 HPs)
             Began as a Hill Orc Fighter on July 5, 2016.
             Slain by a goblin
             ... wielding a +0 club
             ... led by Robin
              (2 damage)
             ... on level 3 of the Dungeon.
             The game lasted 00:06:40 (1947 turns).

terrence the Skirmisher (Hill Orc Fighter)          Turns: 1947, Time: 00:06:41

Health: -1/48      AC:  6    Str: 25    XL:     5   Next: 48%
Magic:  5/5        EV:  7    Int:  8    God:
Gold:   125        SH:  9    Dex: 10    Spells: 0 memorised, 4 levels left

rFire  . . .     SeeInvis .     m - +5 falchion (freeze)
rCold  . . .     Gourm    .     b - +0 scale mail
rNeg   . . .     Faith    .     c - +0 shield
rPois  .         Spirit   .     (no helmet)
rElec  .         Dismiss  .     (no cloak)
rCorr  .         Reflect  .     (no gloves)
SustAt .         Harm     .     (no boots)
MR     .....                    (no amulet)
Stlth  ..........               (no ring)
                                (no ring)

@: mighty, slowed, glowing, very slow, not resistant to hostile enchantments,
extremely unstealthy
A: no striking features
a: no special abilities


You were on level 3 of the Dungeon.
You were hungry.

You visited 1 branch of the dungeon, and saw 3 of its levels.

You collected 125 gold pieces.

Inventory:

Hand Weapons
 m - a +5 falchion of freezing (weapon)
Armour
 b - a +0 scale mail (worn)
 c - a +0 shield (worn)
 l - a +0 chain mail
Wands
 a - a wand of iceblast (7/15)
Scrolls
 e - 4 scrolls of identify
 h - a scroll of fear
 k - a scroll of remove curse
Potions
 i - a potion of lignification
Comestibles
 f - a bread ration
 g - 2 fruits
 j - a slice of pizza
 n - 2 chunks of flesh


   Skills:
 + Level 5.1 Fighting
 * Level 5.0 Long Blades
 - Level 3.2 Armour
 - Level 3.2 Shields


You had 4 spell levels left.
You didn't know any spells.

Dungeon Overview and Level Annotations

Branches:
Dungeon (3/15)

Altars:
Pakellas

Shops:
D:2 }

Annotations:
D:3 Natasha; poirepourri's ghost, amateur SpEn


Message History

Poirepourri's ghost points at you and mumbles some strange words.
You are outlined in light.
An orc comes into view. It is wielding a mace.
Natasha hisses angrily.
Natasha casts a spell at you.
You feel yourself slow down.
Found 21 arrows, a short sword, a scroll of remove curse and a whip.
Natasha mewls in sadness.
Natasha casts a spell at you. The magic dart hits you!
* * * LOW HITPOINT WARNING * * *
You block the goblin's attack.
Found a meat ration.
Natasha mumbles some strange words.
Natasha glows brightly for a moment.
Natasha stares at you and mumbles some strange words.
The magic dart hits you!
* * * LOW HITPOINT WARNING * * *
The goblin hits you with a club.
You die...

#.........# #.........#
#.........# ...### #.S.......#
.......## ###..†..<...#
.)..?##..######..........%#
............!...#...........
... ......)o......#
#..........#
.........r.....@..#
#.........##
.K..........Sg...##.....#.$...#


ro. #..h.......##.....#.###.# #.###(...o.....##.......# ..
#.o.####o.....###.....#.. #. # #....g.####...# ### #...ooW# ##.%.# ..## #......#
..... #(.# #......# .##.. You could see Natasha, poirepourri's ghost, an adder,
5 orcs, 2 goblins, a ball python (wandering) and a rat.

Vanquished Creatures
  Terence (D:3)
  Natasha (twice) (D:3)
  Robin (D:3)
  2 worms (D:2)
  A dart slug (D:2)
  2 giant geckos
  7 orcs
  3 giant cockroaches
  12 goblins
  8 hobgoblins
  8 kobolds
  2 bats (D:2)
  6 giant newts
  10 rats
65 creatures vanquished.

Notes
Turn   | Place    | Note
--------------------------------------------------------------
     0 | D:1      | terrence the Hill Orc Fighter began the quest for the Orb.
     0 | D:1      | Reached XP level 1. HP: 19/19 MP: 1/1
   140 | D:1      | Reached XP level 2. HP: 27/27 MP: 2/2
   788 | D:2      | Reached XP level 3. HP: 30/33 MP: 3/3
  1011 | D:2      | Found an oddly glowing altar of Pakellas.
  1011 | D:2      | Found Pakellas's Prime Provisions.
  1490 | D:3      | Noticed Natasha
  1582 | D:2      | Reached XP level 4. HP: 41/41 MP: 4/4
  1594 | D:3      | Killed Natasha
  1850 | D:3      | Noticed Terence
  1859 | D:3      | Killed Terence
  1859 | D:3      | Reached XP level 5. HP: 38/47 MP: 5/5
  1864 | D:3      | Reached skill level 5 in Fighting
  1872 | D:3      | Noticed Robin
  1878 | D:3      | Noticed poirepourri's ghost (amateur SpEn)
  1880 | D:3      | Killed Robin
  1906 | D:3      | Noticed Natasha
  1915 | D:3      | Killed Natasha
  1915 | D:3      | Reached skill level 5 in Long Blades
  1939 | D:3      | Noticed Natasha
  1946 | D:3      | HP: 1/48 [Natasha/magic dart (7)]
  1947 | D:3      | Slain by a goblin

Skill      XL: |  1  2  3  4  5 |
---------------+----------------+-----
Long Blades    | 3 4 5 |  5.0
Fighting       | 4 5 |  5.1
Armour         | |  3.2
Shields        | |  3.2

Action                   |  1- 3 |  4- 6 || total
-------------------------+-------+-------++-------
Melee: Long sword        |   141 |    21 ||   162
       Falchion          |       |    40 ||    40
  Use: Potion            |     4 |     1 ||     5
       Scroll            |     4 |     1 ||     5
 Stab: Invisible         |     1 |       ||     1
  Eat: Chunk             |     3 |       ||     3
Armor: Scale mail        |    46 |    11 ||    57
Dodge: Dodged            |    37 |    21 ||    58
Block: Shield            |    48 |    19 ||    67
